AoeStats
← SHOGUN

Arabia

509544903Analyzed
1v1 RM · 4d ago on Sep 27, 2026· 39m 59s· 2 players
Game mode
Random Map
Map size
Tiny (2 player)
Population
200
Speed
Normal
Resources
Standard
Victory
Conquest
Starting age
Dark Age
Ending age
Imperial Age
RankedLock teamsTeams togetherTeam positionsShared explorationLock speedFull tech treeHidden civsTurbo modeCheats
Victory
Defeat
🇭🇰 Armenians · Hong Kong SAR China
1288
+16
🇹🇼 Magyars · Taiwan
1286
-16
裝甲不要煩啦
6:28 Loom
8:52 Feudal Age
11:41 Double-Bit Axe
16:52 Fletching
22:47 Castle Age
21:44 Horse Collar
21:57 Gold Mining
22:56 Bloodlines
23:59 Scale Barding Armor
23:59 Heavy Plow
26:16 Bloodlines
30:40 Husbandry
31:20 Bodkin Arrow
33:42 Bow Saw
34:40 Wheelbarrow
38:09 Thumb Ring
38:19 Padded Archer Armor
38:28 Padded Archer Armor
SHOGUN
6:26 Loom
9:13 Feudal Age
9:24 Man-at-Arms
13:41 Arson
15:21 Double-Bit Axe
15:48 Long Swordsman
17:29 Wheelbarrow
20:01 Fletching
22:33 Castle Age
20:47 Scale Mail Armor
21:09 Gold Mining
22:21 Forging
22:07 Horse Collar
22:33 Fletching
22:56 Two-Handed Swordsman
25:24 Pikeman
26:41 Bow Saw
27:40 Squires
27:04 Elite Skirmisher
28:26 Halberdier
28:52 Gambesons
30:19 Crossbowman
33:10 Town Watch
37:53 Treadmill Crane
38:24 Masonry
40:37 Gold Shaft Mining
42:39 Imperial Age
Connection lost

Rejoining the realm…

Still unreachable

The connection could not be restored.

Session expired

The server has moved on; the page needs a fresh start.